 Dungeon Sprint DCSS version 0.31-a0-920-g28cbb04a8c (webtiles) character file.

Game seed: 3673844546391061070

912 sircluck the Grappler (level 7, -1/81 HPs)
             Began as a Troll Berserker on Oct 17, 2023.
             Was a High Priest of Trog.
             Killed from afar by a lindwurm (38 damage)
             ... with a blast of flame
             ... in the Dungeon (Sprint VII: "The Pits").
             The game lasted 00:00:59 (450 turns).

sircluck the Grappler (Troll Berserker)              Turns: 450, Time: 00:01:00

Health: -1/81      AC:  4    Str: 28    XL:     7   Next: 82%
Magic:  6/6        EV: 12    Int:  3    God:    Trog [*****.]
Gold:   0          SH:  0    Dex:  9    Spells: 6/6 levels left

rFire   . .          .
                       - Unarmed
rCold   . . .        (no shield)
rNeg    . . .        a - +0 animal skin
rPois   .            (helmet restricted)
rElec   .            (no cloak)
rCorr   .            (gloves unavailable)
SInv    .            (boots unavailable)
Will    .....        (no amulet)
Stlth   +            (no ring)
HPRegen 1.13/turn    (no ring)
MPRegen 0.10/turn

%: no teleportation
@: lethally poisoned (-1 -> -11)
A: large, unfitting armour, claws 3, regeneration 1, shaggy fur 1, tough skin 1
a: Renounce Religion, Berserk, Trog's Hand, Brothers in Arms


You were in the Dungeon.
You worshipped Trog.
Trog was extremely pleased with you.
You visited 1 branch

Inventory:

Armour
 a - a +0 animal skin (worn)
Scrolls
 g - a scroll of blinking
 i - 2 scrolls of vulnerability
 j - a scroll of butterflies
Potions
 b - 6 potions of curing
 c - 6 potions of heal wounds
 d - a potion of haste
 e - 4 potions of magic
 f - 3 potions of berserk rage
 h - 2 potions of invisibility


   Skills:
 + Level 8.9 Fighting
 + Level 8.7 Dodging
 + Level 10.4 Unarmed Combat


You had 6 spell levels left.
You didn't know any spells.
Your spell library was empty.

Dungeon Overview and Level Annotations

Branches:
Dungeon (1/1)

Altars:
Ashenzari
Cheibriados
Dithmenos
Elyvilon
Fedhas
Gozag
Hepliaklqana
Kikubaaqudgha
Makhleb
Nemelex Xobeh
Okawaru
Qazlal
Ru
Sif Muna
Trog
Uskayaw
Vehumet
Wu Jian
Xom
Yredelemnul
Zin
The Shining One
Jiyva
Lugonu


Innate Abilities, Weirdness & Mutations

You are too large for most types of armour.
You have claws for hands.
Your natural rate of healing is unusually fast.
You are covered in fur. (AC +1)
You have tough skin. (AC +1)


Message History

You scratch the giant cockroach.
You kill the giant cockroach!
Trog accepts your kill.
There is an open door, spattered with blood here.
You see here the +3 giant spiked club of War {antimagic, rPois rN+}.
There is an open door, spattered with blood here.
You open the door.
A lindwurm and a redback come into view.
The lindwurm roars!
You hear a shout!
The lindwurm moves out of view.
You claw the redback!
The redback is heavily wounded.
The redback bites you.
You barely miss the redback.
The redback is heavily wounded.
The redback bites you!
You closely miss the redback.
The redback is heavily wounded.
The redback bites you.
You are poisoned.
The redback poisons you!
You claw the redback!
You kill the redback!
Trog accepts your kill.
You feel extremely sick.
You claw the lindwurm!
The lindwurm is lightly wounded.
You feel very sick. The lindwurm closely misses you.
The lindwurm barely misses you. The lindwurm claws you!
You barely miss the lindwurm.
The lindwurm is lightly wounded.
You feel very sick. The lindwurm bites you. The lindwurm misses you. x2
You claw the lindwurm!
The lindwurm is heavily wounded.
You feel very sick. The lindwurm breathes flames at you.
The blast of flame hits you!!!
You die...

#)#))#.....##.......##....
#.#[[###'####.......##...#
#.##'#.†...##...<...##..##
#.#........##.......##..#
#†#........##.......##..+
#'###########.......##.##
#.......#..#############
#.......#.## #...#...#@#
#..###..#k#
#...#...#)'....+
#.......#'#...s#
#.......†.#....#
########### ####


You could see a lindwurm (catching breath).

Vanquished Creatures
  A guardian mummy (D)
  A redback (D)
  A water moccasin (D)
  2 wargs (D)
  A phantom (D)
  A scorpion (D)
  2 mummies (D)
  2 gnolls (D)
  2 river rats (D)
  4 ufetubi (D)
  An adder skeleton (D)
  An endoplasm (D)
  A giant cockroach (D)
  A hobgoblin (D)
  5 jackals (D)
  A ball python skeleton (D)
  A rat (D)
28 creatures vanquished.

Notes
Turn   | Place    | Note
-------+----------+-------------------------------------------
     0 | D        | sircluck the Troll Berserker began the quest for the Orb.
     0 | D        | Reached XP level 1. HP: 22/22 MP: 0/0
    26 | D        | Noticed a warg
    41 | D        | Killed a warg
    41 | D        | Reached ** piety under Trog
    42 | D        | Reached skill level 5 in Fighting
    42 | D        | Reached skill level 5 in Dodging
    42 | D        | Reached skill level 6 in Unarmed Combat
    42 | D        | Reached XP level 2. HP: 9/35 MP: 1/1
    42 | D        | Reached XP level 3. HP: 11/42 MP: 2/2
    42 | D        | Reached XP level 4. HP: 13/50 MP: 3/3
   125 | D        | Found a bloodstained altar of Trog.
   125 | D        | Found a shimmering blue altar of Sif Muna.
   125 | D        | Found a viscous altar of Jiyva.
   125 | D        | Found a hazy altar of Hepliaklqana.
   125 | D        | Found an opulent altar of Gozag.
   126 | D        | Found a glowing golden altar of the Shining One.
   126 | D        | Found a glowing silver altar of Zin.
   126 | D        | Found a basalt altar of Yredelemnul.
   126 | D        | Found a shimmering altar of Xom.
   126 | D        | Found an ornate altar of the Wu Jian Council.
   126 | D        | Found a sacrificial altar of Ru.
   126 | D        | Found a stormy altar of Qazlal.
   126 | D        | Found an iron altar of Okawaru.
   126 | D        | Found a sparkling altar of Nemelex Xobeh.
   126 | D        | Found a burning altar of Makhleb.
   126 | D        | Found a blossoming altar of Fedhas.
   126 | D        | Found a white marble altar of Elyvilon.
   126 | D        | Found a shadowy altar of Dithmenos.
   126 | D        | Found a snail-covered altar of Cheibriados.
   130 | D        | Found a corrupted altar of Lugonu.
   130 | D        | Found a radiant altar of Vehumet.
   131 | D        | Found a broken altar of Ashenzari.
   131 | D        | Found an ancient bone altar of Kikubaaqudgha.
   131 | D        | Found a hide-covered altar of Uskayaw.
   169 | D        | Reached *** piety under Trog
   189 | D        | Reached **** piety under Trog
   190 | D        | Reached XP level 5. HP: 45/57 MP: 4/4
   287 | D        | Reached ***** piety under Trog
   294 | D        | Noticed a phantom
   319 | D        | Killed a phantom
   320 | D        | Reached skill level 7 in Unarmed Combat
   347 | D        | Received a gift from Trog
   369 | D        | Noticed a warg
   370 | D        | Killed a warg
   371 | D        | Reached skill level 8 in Unarmed Combat
   371 | D        | Reached XP level 6. HP: 71/71 MP: 5/5
   373 | D        | Noticed a guardian mummy
   378 | D        | Killed a guardian mummy
   379 | D        | Reached skill level 9 in Unarmed Combat
   379 | D        | Reached XP level 7. HP: 39/80 MP: 6/6
   429 | D        | Reached skill level 10 in Unarmed Combat
   429 | D        | Identified the +3 giant spiked club of War {antimagic,
                  | rPois rN+} (Trog gifted it to you in the Dungeon)
   429 | D        | Received a gift from Trog
   440 | D        | Noticed a lindwurm
   440 | D        | Noticed a redback
   447 | D        | Killed a redback
   450 | D        | Killed from afar by a lindwurm

Illustrated notes

Levels and vault maps discovered:
D:        pitsprint [storerooms_1, entrance_room_1, metal_vault_7, armoury_2,
          mini_pit_1, grid_room_1, main_hall_1, silver_pit, the_coven_1,
          the_vestibule_1, steel_vault_3, golden_pit, hallway_of_sentries,
          crystal_vault_4, iron_vault_5, final_vault]

Skill      XL: |  1  2  3  4  5  6  7 |
---------------+----------------------+-----
Fighting       | 5 7 8 |  8.9
Dodging        | 5 7 8 |  8.7
Unarmed Combat | 6 8 9 10 | 10.4

Action                     |  1- 3 |  4- 6 |  7- 9 || total
---------------------------+-------+-------+-------++-------
  Melee: Unarmed           |    13 |    50 |    20 ||    83
         Punch             |       |     1 |     2 ||     3
 Invoke: Berserk           |     1 |       |       ||     1
 Armour: Animal skin       |     7 |    41 |     9 ||    57
  Dodge: Dodged            |     1 |    41 |     8 ||    50

Table legend: (Time is in decaauts)
 A = Elapsed time spent in this place.
 B = Non-inter-level travel time spent in this place.
 C = Inter-level travel time spent in this place.
 D = Time resting spent in this place.
 E = Time spent auto-exploring this place.
 F = Levels seen in this place.
 G = Mean time per level.
                   A        B        C        D        E       F      G
               +--------+--------+--------+--------+--------+-----+--------+
         Total |    449 |    449 |      0 |     94 |    121 |   1 |  449.0 |
       Dungeon |    449 |    449 |      0 |     94 |    121 |   1 |  449.0 |
               +--------+--------+--------+--------+--------+-----+--------+

Top non-repeatable levels by time:
       D: 449 daAuts
